AoeStats
← Seeker

African Clearing

510507696Analyzed
3v3 RM · 20h ago on Oct 1, 2026· 52m 27s· 6 players
Game mode
Random Map
Map size
Normal (6 player)
Population
200
Speed
Normal
Resources
Standard
Victory
Conquest
Starting age
Dark Age
Ending age
Imperial Age
RankedLock teamsTeams togetherTeam positionsShared explorationLock speedFull tech treeHidden civsTurbo modeCheats
Victory
Defeat
🇫🇷 Franks · France
857
+13
🇮🇹 Magyars · Italy
767
+17
🇷🇸 Byzantines · Serbia
708
+19
🇩🇪 Huns · Germany
803
-17
🇰🇷 Goths · South Korea
786
-16
🇸🇪 Mongols · Sweden
784
-16
rananculus
4:47 Loom
14:50 Feudal Age
15:49 Horse Collar
16:21 Man-at-Arms
21:18 Gold Mining
26:28 Castle Age
24:55 Stone Mining
26:12 Forging
26:03 Scale Mail Armor
26:32 Long Swordsman
28:12 Stone Shaft Mining
27:41 Pikeman
28:21 Squires
29:05 Double-Bit Axe
31:37 Wheelbarrow
30:48 Town Watch
34:44 Bow Saw
37:46 Imperial Age
36:18 Chain Mail Armor
36:52 Iron Casting
38:08 Ballistics
38:07 Anarchy
38:40 Hand Cart
38:51 Perfusion
39:12 Conscription
40:22 Masonry
41:13 Chemistry
43:08 Town Patrol
43:23 Two-Handed Swordsman
44:01 Heavy Scorpion
46:08 Two-Man Saw
50:07 Onager
Akreed
10:46 Loom
15:04 Feudal Age
16:44 Horse Collar
18:29 Double-Bit Axe
21:21 Scale Barding Armor
23:40 Bloodlines
26:49 Castle Age
27:08 Bloodlines
27:02 Fletching
28:16 Bodkin Arrow
29:40 Thumb Ring
31:43 Chain Barding Armor
35:52 Padded Archer Armor
36:34 Wheelbarrow
37:09 Husbandry
❤ Wojtek ❤
10:03 Loom
17:09 Feudal Age
17:48 Double-Bit Axe
17:46 Horse Collar
18:45 Wheelbarrow
26:52 Castle Age
25:01 Gold Mining
25:01 Stone Mining
26:47 Town Watch
28:23 Hand Cart
31:25 Heavy Plow
31:37 Bow Saw
30:53 Pikeman
33:55 Elite Skirmisher
35:33 Padded Archer Armor
36:52 Town Patrol
37:06 Forging
36:46 Fletching
37:23 Squires
39:08 Leather Archer Armor
38:53 Scale Mail Armor
Velox_M_B
5:40 Loom
17:02 Feudal Age
19:17 Gold Mining
19:11 Horse Collar
21:35 Wheelbarrow
29:01 Castle Age
29:16 Stone Mining
29:46 Husbandry
32:07 Treadmill Crane
32:38 Murder Holes
33:33 Double-Bit Axe
34:24 Fletching
37:26 Bow Saw
38:21 Ballistics
38:08 Elite Skirmisher
43:40 Imperial Age
41:26 Light Cavalry
42:17 Bloodlines
43:34 Thumb Ring
47:03 Two-Man Saw
46:00 Hussar
46:50 Corvinian Army
47:50 Gold Shaft Mining
49:12 Conscription
48:59 Recurve Bow
49:36 Town Watch
50:04 Heavy Plow
51:24 Hand Cart
52:23 Scale Barding Armor
52:36 Recurve Bow
53:43 Chemistry
Alexi344
20:06 Feudal Age
21:25 Wheelbarrow
20:38 Double-Bit Axe
20:47 Stone Mining
20:49 Gold Mining
25:19 Castle Age
24:08 Forging
25:18 Scale Mail Armor
26:45 Squires
26:30 Arson
27:25 Iron Casting
27:48 Chain Mail Armor
29:10 Hand Cart
29:09 Bow Saw
30:06 Gold Shaft Mining
31:24 Ordonnance Companies
34:51 Fortified Wall
37:46 Imperial Age
39:21 Conscription
40:36 Blast Furnace
40:12 Plate Mail Armor
46:51 Elite Throwing Axeman
47:36 Chivalry
Seeker
10:57 Loom
15:31 Feudal Age
16:02 Double-Bit Axe
16:28 Stone Mining
16:29 Gold Mining
24:08 Castle Age
22:56 Horse Collar
27:15 Wheelbarrow
27:02 Forging
30:42 Scale Barding Armor
33:10 Bow Saw
35:24 Elite Skirmisher
36:18 Fletching
38:51 Gold Shaft Mining
43:19 Imperial Age
41:56 Iron Casting
42:29 Heavy Plow
43:15 Hand Cart
44:52 Bodkin Arrow
45:53 Crop Rotation
47:59 Ballistics
48:39 Chemistry
49:02 Elite Cataphract
51:13 Chain Barding Armor
51:38 Logistica
53:17 Plate Barding Armor
52:44 Bracer
Connection lost

Rejoining the realm…

Still unreachable

The connection could not be restored.

Session expired

The server has moved on; the page needs a fresh start.